 Dungeon Crawl Stone Soup version 0.32-a0-42-ga30500b4d3 (webtiles) character file.

Game seed: 11001787212796703480

120 iamserjio the Firebug (level 5, 0/28 HPs)
             Began as a Tengu Fire Elementalist on Feb 3, 2024.
             Was an Initiate of Sif Muna.
             Frozen to death by an endoplasm (1 damage)
             ... on level 3 of the Dungeon.
             The game lasted 00:04:37 (509 turns).

iamserjio the Firebug (Tengu Fire Elementalist)      Turns: 509, Time: 00:04:38

Health: 0/28       AC:  2    Str:  7 (8)  XL:     5   Next: 4%
Magic:  1/10       EV: 12    Int: 15 (18) God:    Sif Muna [......]
Gold:   26         SH:  0    Dex: 11 (14) Spells: 3/10 levels left

rFire   . . .        c - +0 short sword
rCold   . . .        (no shield)
rNeg    . . .        a - +0 robe
rPois   .            (helmet restricted)
rElec   .            (no cloak)
rCorr   .            (no gloves)
SInv    .            (boots unavailable)
Will    .....        (no amulet)
Stlth   ++           (no ring)
HPRegen 0.24/turn    (no ring)
MPRegen 0.12/turn

%: acrobat
@: mighty
A: beak, talons 3, acrobatic
a: Renounce Religion


You were on level 3 of the Dungeon.
You worshipped Sif Muna.
Sif Muna was noncommittal.
You visited 2 branches of the dungeon, and saw 6 of its levels.

You collected 26 gold pieces.

Inventory:

Hand Weapons
 c - a +0 short sword (weapon)
 f - a +0 mace of protection
Missiles
 g - 6 poisoned darts
Armour
 a - a +0 robe (worn)
Wands
 h - a wand of charming (5)
Scrolls
 e - 2 scrolls of identify {unknown}
 i - a scroll of poison {unknown}
Potions
 k - a potion of attraction {unknown}


   Skills:
 + Level 0.8 Fighting
 - Level 2.1 Dodging
 - Level 2.0 Stealth
 + Level 3.0 Spellcasting
 + Level 2.0 Conjurations
 + Level 5.0 Fire Magic


You had 3 spell levels left.
You knew the following spells:

 Your Spells              Type           Power      Damage    Failure   Level
a - Foxfire               Conj/Fire      48%        2x1d6     4%          1
b - Scorch                Fire           34%        2d6       3%          2
c - Flame Wave            Conj/Fire      12%        2d6       43%         4

Your spell library contained the following spells:

 Spells                   Type           Power      Damage    Failure   Level
 Inner Flame              Hex/Fire       9%         N/A       22%         3
 Volatile Blastmotes      Fire/Tloc      18%        2d11      22%         3
 Haunt                    Necr/Summ      1%         N/A       100%        7
 Borgnjor's Revivificati  Necr           1%         N/A       100%        8
 Death's Door             Necr           1%         N/A       100%        9


Dungeon Overview and Level Annotations

Branches:
Dungeon (5/15) Zot: 26832  Temple (1/1) D:4 Zot: 5978

Altars:
Ashenzari
Dithmenos
Fedhas
Hepliaklqana
Makhleb
Nemelex Xobeh
Okawaru
Ru
Sif Muna
Trog
Uskayaw
Vehumet
Wu Jian
Xom
Yredelemnul
Zin
The Shining One

Annotations:
D:5 Blork the orc


Innate Abilities, Weirdness & Mutations

You have a beak for a mouth.
You have claws for feet.
You can magically evade attacks while moving or waiting.


Message History

Something hits your orc priest.
Your orc priest dies!
The ribbon worm expels a string of sticky webbing.
The stream of webbing hits you but does no damage.
You are caught in a web!
Your Spellcasting skill increases to level 3!
Your Conjurations skill increases to level 2!
Your Fire Magic skill increases to level 5!
You have reached level 5!
The web tears apart.
Casting: Scorch (safe; 3% risk of failure) Flames lash the ribbon worm.
The ribbon worm's fire resistance burns away.
The orc barely misses you. The ribbon worm bites you!
* * * LOW HITPOINT WARNING * * *
The ribbon worm expels a string of sticky webbing.
The stream of webbing misses you.
Casting: Foxfire (safe; 3% risk of failure)
Press: ? - help, Q - select action, (/) - cycle Dir - look around, f - activate You conjure some foxfire!
The orc hits you with a +0 short sword.
* * * LOW HITPOINT WARNING * * *
Your foxfire dissipates!
The foxfire hits the orc.
The ribbon worm attacks as it pursues you!
The ribbon worm completely misses you.
The ribbon worm attacks as it pursues you!
The ribbon worm closely misses you. The orc hits you with a +0 short sword.
* * * LOW HITPOINT WARNING * * *
It was a potion of degeneration.
There was something very wrong with that liquid.
You feel weakened.
You feel dopey.
You feel clumsy.
The ribbon worm is no longer more vulnerable to fire.
The ribbon worm expels a string of sticky webbing.
The stream of webbing misses you. The orc closely misses you.
It was a potion of might.
You feel very mighty all of a sudden. The endoplasm freezes you.
You are frozen.
You die...

...###.. #......
###..... ......o#
.......# .
#...#########
....#.....#.....##
#.)...)))..w..##
#...........o@..#
#...........J...#
#...............#
#...............#
.................#
###............!..#
##.............##
..#.....##


You could see a ribbon worm (catching breath), an orc and an endoplasm.

Vanquished Creatures
  An orc priest (D:4)
  Terence (D:2)
  An adder (D:3)
  A dart slug (D:4)
  An endoplasm (D:2)
  A giant cockroach (D:1)
  A goblin (D:4)
  5 hobgoblins
  2 quokkas
  3 ball pythons
  2 bats (D:1)
  6 kobolds
  6 rats
31 creatures vanquished.

Vanquished Creatures (collateral kills)
  An orc (D:3)
  2 foxfires (D:1)
3 creatures vanquished.

Vanquished Creatures (others)
  2 orc priests (D:3)
  37 foxfires
39 creatures vanquished.

Grand Total: 73 creatures vanquished

Notes
Turn   | Place    | Note
-------+----------+-------------------------------------------
     0 | D:1      | iamserjio the Tengu Fire Elementalist began the quest for
                  | the Orb.
     0 | D:1      | Reached XP level 1. HP: 10/10 MP: 4/4
    75 | D:3      | Noticed an orc wizard
   121 | D:1      | Reached XP level 2. HP: 15/15 MP: 1/6
   126 | D:1      | Learned a level 2 spell: Scorch
   202 | D:1      | Reached skill level 4 in Fire Magic
   259 | D:2      | Noticed Terence
   274 | D:2      | Killed Terence
   275 | D:2      | Reached XP level 3. HP: 19/19 MP: 0/7
   318 | D:2      | You fall into a shaft and drop 2 floors!
   322 | D:5      | Entered Level 5 of the Dungeon
   322 | D:5      | Noticed Blork the orc
   347 | D:4      | Found a staircase to the Ecumenical Temple.
   353 | D:4      | Reached XP level 4. HP: 24/24 MP: 3/9
   357 | Temple   | Entered the Ecumenical Temple
   367 | Temple   | Became a worshipper of Sif Muna the Loreminder
   384 | D:4      | Learned a level 4 spell: Flame Wave
   501 | D:3      | Reached skill level 5 in Fire Magic
   501 | D:3      | Reached XP level 5. HP: 11/28 MP: 3/10
   507 | D:3      | HP: 1/28 [orc/+0 short sword (3)]
   509 | D:3      | Frozen to death by an endoplasm

Illustrated notes

Levels and vault maps discovered:
D:1:      giann_bridges, layout_basic, minmay_strange_pillars,
          minmay_tetromino_o2
D:2:      layout_basic, uniq_robin, uniq_terence
D:3:      layout_rooms, corexii_hall_statues_x
D:4:      layout_gridville, minmay_temple_entry_proselytizer, uniq_sigmund
D:5:      layout_loops_ring, minitemple, minmay_circle_x, uniq_blork_the_orc
Temple:   nicolae_temple_bog_church

Skill      XL: |  1  2  3  4 |
---------------+-------------+-----
Fire Magic     | 4 5 |  5.0
Spellcasting   | 3 |  3.0
Conjurations   | 2 |  2.0
Fighting       | |  0.8
Dodging        | |  2.1
Stealth        | |  2.0

Action                     |  1- 3 |  4- 6 || total
---------------------------+-------+-------++-------
  Melee: Short sword       |    28 |     1 ||    29
         Unarmed           |     3 |       ||     3
         Kick              |     5 |       ||     5
         Peck              |     3 |       ||     3
   Cast: Foxfire           |    22 |     1 ||    23
         Scorch            |     4 |    11 ||    15
  Evoke: Wand              |       |     8 ||     8
    Use: Potion            |       |     3 ||     3
   Stab: Sleeping          |     3 |       ||     3
 Armour: Robe              |    10 |     9 ||    19
  Dodge: Dodged            |    18 |    12 ||    30

Table legend: (Time is in decaauts)
 A = Elapsed time spent in this place.
 B = Non-inter-level travel time spent in this place.
 C = Inter-level travel time spent in this place.
 D = Time resting spent in this place.
 E = Time spent auto-exploring this place.
 F = Levels seen in this place.
 G = Mean time per level.
                   A        B        C        D        E       F      G
               +--------+--------+--------+--------+--------+-----+--------+
         Total |    509 |    481 |     28 |      0 |      2 |   6 |   84.8 |
       Dungeon |    487 |    478 |      9 |      0 |      2 |   5 |   97.4 |
        Temple |     21 |      2 |     19 |      0 |      0 |   1 |   21.0 |
               +--------+--------+--------+--------+--------+-----+--------+

Top non-repeatable levels by time:
     D:1: 191 daAuts
     D:4: 136 daAuts
     D:2: 120 daAuts
     D:3: 37 daAuts
  Temple: 21 daAuts
     D:5: 1 daAuts
